 Dungeon Crawl Stone Soup version 0.28.0-43-g3370ac3207 (webtiles) character file.

Game seed: 12533919642441799135

15997 demenzo the Severer (level 12, 0/110 HPs)
             Began as a Minotaur Cinder Acolyte on Mar 14, 2022.
             Was a Believer of Ignis.
             Slain by Sonja
             ... wielding a +3 short sword of distortion
              (12 damage)
             ... on level 2 of the Lair of Beasts.
             The game lasted 00:20:47 (14809 turns).

demenzo the Severer (Minotaur Cinder Acolyte)      Turns: 14809, Time: 00:20:47

Health: 0/110      AC: 16    Str: 19    XL:     12   Next: 6%
Magic:  12/12      EV: 12    Int: 11    God:    Ignis [**....]
Gold:   650        SH:  9    Dex: 11    Spells: 13/13 levels left

rFire   + . .      SeeInvis .   a - +7 morningstar "Dragonbane" {elec, rElec}
rCold   . . .      Faith    .   D - +0 kite shield
rNeg    . . .      Spirit   .   I - +0 swamp dragon scales
rPois   +          Reflect  .   (helmet restricted)
rElec   +          Harm     .   (no cloak)
rCorr   .          Rampage  ∞   L - +0 pair of gloves
Will    .....                   k - +3 pair of seven-league boots {Rampage+∞}
Stlth   +.........              (no amulet)
HPRegen 0.28/turn               (no ring)
MPRegen 0.13/turn               (no ring)

@: slowed, very slow
A: horns 2, retaliatory headbutt
a: Renounce Religion, Fiery Armour, Foxfire Swarm, Rising Flame


You were on level 2 of the Lair of Beasts.
You worshipped Ignis.
Ignis was pleased with you.
You visited 2 branches of the dungeon, and saw 12 of its levels.
You also visited: Sewer.

You collected 731 gold pieces.
You spent 81 gold pieces at shops.

Inventory:

Hand Weapons
 a - the +7 morningstar "Dragonbane" (weapon) {elec, rElec}
   (You found it on level 6 of the Dungeon)

   It occasionally discharges a powerful burst of electricity upon striking a
   foe.
   rElec:     It insulates you from electricity.
 b - the +9 hand crossbow "Minotaur's Death" {vorpal, rF+ rC- rN+ Int+2}
   (You found it on level 9 of the Dungeon)

   Any ammunition fired from it inflicts extra damage upon your enemies.
   Int:       It affects your intelligence (+2).
   rF:        It protects you from fire.
   rC:        It makes you vulnerable to cold.
   rN:        It protects you from negative energy.
 o - a -1 hand axe of flaming
 C - a +0 hunting sling
 F - a +0 vorpal war axe
 M - a +0 battleaxe
Missiles
 e - 28 poisoned darts
 f - 347 stones (quivered)
 h - 44 bolts
 j - 31 sling bullets
 J - 3 throwing nets
 R - 4 javelins
Armour
 k - the +3 pair of seven-league boots (worn) {Rampage+∞}
   (You acquired it on level 8 of the Dungeon)

   Its wearer moves as far as possible in that direction when moving towards
   enemies.
 D - a +0 kite shield (worn)
 I - +0 swamp dragon scales (worn)
 L - a +0 pair of gloves (worn)
Magical Staves
 q - a staff of poison
 B - a staff of fire
Jewellery
 t - a ring of ice
 z - a ring of resist corrosion
 S - a ring of poison resistance
Wands
 d - a wand of flame (18)
 G - a wand of acid (4)
Scrolls
 c - 2 scrolls of blinking
 r - 2 scrolls of magic mapping
 u - 3 scrolls of teleportation
 w - a scroll of brand weapon
 x - a scroll of fog {unknown}
 y - 3 scrolls of vulnerability
 A - a scroll of enchant armour
 H - a scroll of immolation {unknown}
 N - 2 scrolls of identify
 Q - a scroll of enchant weapon {unknown}
Potions
 g - a potion of flight
 i - 2 potions of brilliance
 l - a potion of resistance
 m - 4 potions of haste
 n - a potion of magic
 p - a potion of might
 s - 5 potions of heal wounds
 v - 4 potions of cancellation
 E - 7 potions of curing
 K - a potion of berserk rage {unknown}
 P - a potion of lignification {unknown}


   Skills:
 + Level 11.2 Fighting
 * Level 15.2 Axes
 + Level 10.6 Armour
 - Level 8.0 Dodging
 + Level 5.5 Shields
 - Level 1.0 Spellcasting
 - Level 2.1 Fire Magic


You had 13 spell levels left.
You didn't know any spells.
Your spell library contained the following spells:

 Spells                   Type           Power      Damage    Failure   Level
 Scorch                   Fire           10%        2d6       65%         2
 Dazzling Flash           Conj/Hex       0%         N/A       99%         3
 Ozocubu's Armour         Ice            0%         N/A       99%         3
 Summon Guardian Golem    Hex/Summ       0%         N/A       99%         3
 Leda's Liquefaction      Hex/Erth       0%         N/A       100%        4
 Summon Ice Beast         Ice/Summ       0%         N/A       100%        4
 Agony                    Necr           0%         N/A       100%        5
 Lee's Rapid Deconstruct  Erth           0%         3d5*      100%        5
 Silence                  Hex/Air        0%         N/A       100%        5
 Summon Mana Viper        Hex/Summ       0%         N/A       100%        5
 Statue Form              Tmut/Erth      0%         N/A       100%        6
 Monstrous Menagerie      Summ           0%         N/A       100%        7
 Orb of Destruction       Conj           0%         9d5       100%        7
 Ozocubu's Refrigeration  Ice            0%         4d5       100%        7
 Spellforged Servitor     Conj/Summ      0%         N/A       100%        7


Dungeon Overview and Level Annotations

Branches:
Dungeon (10/15)            Temple (0/1) D:7            Lair (2/6) D:10
  Sewer (visited)
  Swamp: Lair:2-4    Shoals: Lair:2-4     Snake: Lair:2-4    Spider: Lair:2-4
    Orc: D:9-12

Altars:
Dithmenos
Gozag
Hepliaklqana
Makhleb
Nemelex Xobeh
Qazlal
Ru
Trog
Vehumet
Wu Jian
Xom
Yredelemnul
Zin
The Shining One

Shops:
D:4 *

Annotations:
D:5 1 runed translucent door
Lair:2 Sonja


Innate Abilities, Weirdness & Mutations

You have a pair of horns on your head.
You reflexively headbutt those who attack you in melee.


Message History

The bolt of acid hits Sonja!
The acid corrodes Sonja!
Sonja is moderately wounded.
Sonja plants her feet in a plie.
Sonja throws a curare-tipped dart.
The curare-tipped dart hits you.
You have difficulty breathing.
You feel yourself slow down.
The dream sheep ruffles its wool and motes of dream dust sparkle, to no effect.
Unknown command.
Unknown command.
Unknown command.
Aiming: Corrosive Bolt
Press: ? - help, Shift-Dir - straight line, f/p - Sonja
Aim: Sonja, wielding a +3 short sword of distortion and quivering curare-tipped darts (moderately wounded, covered in acid, 29% to hit)
The bolt of acid hits Sonja!
Sonja seems to be corroded for longer.
Sonja is severely wounded.
The dream sheep ruffles its wool and motes of dream dust sparkle, to no effect.
Sonja hits you with a +3 short sword of distortion. x2
Space warps horribly around you!!
Sonja hits you with a +3 short sword of distortion.
Space warps around you.
Unknown command.
Unknown command.
Aiming: Corrosive Bolt
Press: ? - help, Shift-Dir - straight line, f/p - Sonja
Aim: Sonja, wielding a +3 short sword of distortion and quivering curare-tipped darts (severely wounded, covered in acid, 29% to hit)
The bolt of acid misses Sonja.
The bolt of acid hits the komodo dragon!
The acid corrodes the komodo dragon!
The komodo dragon is moderately wounded.
Sonja hits you with a +3 short sword of distortion.
Space warps horribly around you! Sonja closely misses you.
Sonja hits you with a +3 short sword of distortion.
* * * LOW HITPOINT WARNING * * *
Space warps horribly around you!
* * * LOW HITPOINT WARNING * * *
The polar bear bites you but does no damage.
The polar bear barely misses you.
The polar bear claws you but does no damage.
You block Sonja's attack. Sonja hits you but does no damage.
Space warps horribly around you!
You die...

......
.........YY.### ##
.... ..Y..(#.##
......> ..........
....#.. #.......l.
.......##..Y...≈≈≈
PP.P....#.YYP....♣
......h@K..l..≈≈.≈
#####P....<##.≈
##.....# #######


You could see a polar bear, a komodo dragon (corroded), Sonja (corroded) and 3
dream sheep.

Vanquished Creatures
  Harold (D:7)
  A boulder beetle (D:9)
  2 two-headed ogres
  Nergalle (Lair:1)
  Pikel (D:5)
  2 black mambas (Lair:1)
  A molten gargoyle (Lair:1)
  Maggie (D:7)
  3 cane toads (Lair:1)
  4 komodo dragons (Lair:1)
  An unseen horror (D:7)
  A polar bear (Lair:1)
  5 trolls
  Sigmund (D:2)
  A basilisk (Lair:1)
  A wyvern (D:8)
  21 yaks
  7 water moccasins
  Menkaure (D:7)
  4 orc warriors
  A black bear (D:8)
  A sky beast (D:6)
  2 ice beasts
  3 ogres (D:6)
  A necrophage (D:5)
  4 centaurs
  A lemure (D:5)
  A phantom (D:6)
  2 kobold brigands
  4 bullfrogs
  A gnoll sergeant (D:9)
  2 scorpions
  2 wyvern zombies
  A killer bee (D:9)
  4 wights (D:9)
  2 howler monkeys
  11 centaur zombies
  2 hounds
  2 orc priests
  A jelly (D:6)
  7 iguanas
  6 orc wizards
  A killer bee zombie (D:9)
  A hound skeleton (D:5)
  7 gnolls
  10 adders
  A shadow imp (D:6)
  A white imp (D:7)
  4 worms
  25 orcs
  13 endoplasms
  12 giant cockroaches
  11 hobgoblins
  2 jackals (D:5)
  16 kobolds
  14 quokkas
  14 ball pythons
  5 bats
  7 frilled lizards
  5 goblins
  A kobold zombie (D:5)
  A quokka skeleton (D:4)
  10 rats
282 creatures vanquished.

Vanquished Creatures (others)
  A bullfrog skeleton (D:7)
  A centaur skeleton (D:7)
  2 orc wizards (D:7)
  2 orcs (D:7)
  70 foxfires
  3 plants
79 creatures vanquished.

Grand Total: 361 creatures vanquished

Notes
Turn   | Place    | Note
-------+----------+-------------------------------------------
     0 | D:1      | demenzo the Minotaur Cinder Acolyte began the quest for the
                  | Orb.
     0 | D:1      | Reached XP level 1. HP: 19/19 MP: 1/1
   311 | D:1      | Reached XP level 2. HP: 20/27 MP: 2/2
   314 | D:1      | Reached skill level 4 in Axes
   908 | D:2      | Reached skill level 1 in Armour
  1064 | D:2      | Reached skill level 1 in Dodging
  1064 | D:2      | Reached XP level 3. HP: 32/33 MP: 3/3
  1197 | D:2      | Found a faded altar of an unknown god.
  1378 | D:2      | Noticed Sigmund
  1411 | D:2      | Killed Sigmund
  1412 | D:2      | Reached skill level 5 in Axes
  1412 | D:2      | Reached XP level 4. HP: 29/41 MP: 4/4
  1412 | D:2      | Reached XP level 5. HP: 33/47 MP: 5/5
  2313 | D:3      | Found a glowing golden altar of the Shining One.
  2580 | D:2      | HP: 2/47 [orc priest/+0 hand axe (4)]
  2581 | D:2      | Reached XP level 6. HP: 3/55 MP: 6/6
  2676 | D:3      | Reached skill level 6 in Axes
  2684 | D:3      | Found a glowing drain.
  2688 | Sewer    | Entered a sewer
  3130 | Sewer    | Reached skill level 5 in Fighting
  3539 | D:3      | Reached XP level 7. HP: 61/61 MP: 7/7
  4158 | D:4      | Reached skill level 7 in Axes
  4263 | D:4      | Found Losuepn's Assorted Antiques.
  4266 | D:4      | Bought a lumpy grey potion for 25 gold pieces
  4266 | D:4      | Bought a scroll labelled LIROQE EBOESTRO for 28 gold pieces
  4266 | D:4      | Bought a scroll labelled MEEBRAUGAY for 28 gold pieces
  4935 | D:5      | Entered Level 5 of the Dungeon
  4935 | D:5      | Noticed a human
  4935 | D:5      | Found a runed translucent door.
  4978 | D:5      | Reached skill level 8 in Axes
  4978 | D:5      | Reached XP level 8. HP: 42/70 MP: 8/8
  5302 | D:5      | Found a basalt altar of Yredelemnul.
  5409 | D:5      | Found a sparkling altar of Nemelex Xobeh.
  5433 | D:5      | Found a glowing silver altar of Zin.
  5717 | D:6      | Noticed a troll
  5773 | D:6      | Reached skill level 5 in Armour
  5886 | D:6      | Noticed Pikel
  6019 | D:5      | Killed Pikel
  6020 | D:5      | Reached skill level 9 in Axes
  6020 | D:5      | Reached skill level 5 in Dodging
  6588 | D:6      | Reached XP level 9. HP: 79/79 MP: 9/9
  6811 | D:6      | Reached skill level 10 in Axes
  7013 | D:6      | Identified the +7 morningstar "Dragonbane" {elec, rElec}
  7087 | D:6      | Killed a troll
  7632 | D:6      | Noticed a moth of wrath
  7649 | D:6      | Found a bloodstained altar of Trog.
  8125 | D:7      | Noticed Maggie
  8147 | D:7      | Killed Maggie
  8313 | D:7      | Found a sacrificial altar of Ru.
  8414 | D:7      | Noticed Harold
  8426 | D:7      | Killed Harold
  8427 | D:7      | Reached skill level 11 in Axes
  8478 | D:7      | Noticed Menkaure
  8485 | D:7      | Killed Menkaure
  8777 | D:7      | Killed an unseen horror
  8778 | D:7      | Reached XP level 10. HP: 80/90 MP: 10/10
  8821 | D:7      | Found an opulent altar of Gozag.
  8826 | D:7      | Found a staircase to the Ecumenical Temple.
  9003 | D:7      | Found a radiant altar of Vehumet.
  9573 | D:8      | Acquired the +3 pair of seven-league boots {Rampage+∞}
  9573 | D:8      | Found the +3 pair of seven-league boots {Rampage+∞}
 10009 | D:8      | Noticed a two-headed ogre
 10019 | D:8      | Killed a two-headed ogre
 10020 | D:8      | Reached skill level 12 in Axes
 10158 | D:8      | Found an ornate altar of the Wu Jian Council.
 10529 | D:9      | Noticed a two-headed ogre
 10533 | D:9      | Killed a two-headed ogre
 10640 | D:9      | Found a stormy altar of Qazlal.
 10661 | D:9      | Found a burning altar of Makhleb.
 10915 | D:9      | Identified the +9 hand crossbow "Minotaur's Death" {vorpal,
                  | rF+ rC- rN+ Int+2}
 10988 | D:9      | Reached skill level 13 in Axes
 11327 | D:9      | Found a shadowy altar of Dithmenos.
 11607 | D:9      | Noticed a boulder beetle
 11621 | D:9      | Reached skill level 1 in Shields
 11625 | D:9      | Reached XP level 11. HP: 62/99 MP: 11/11
 11630 | D:9      | Killed a boulder beetle
 12006 | D:9      | Reached skill level 10 in Fighting
 12246 | D:10     | Entered Level 10 of the Dungeon
 12418 | D:10     | Found a staircase to the Lair.
 12525 | D:10     | Found a hazy altar of Hepliaklqana.
 12526 | D:10     | Found a shimmering altar of Xom.
 12526 | D:10     | Noticed a brown ugly thing
 13045 | Lair:1   | Entered Level 1 of the Lair of Beasts
 13113 | Lair:1   | Reached skill level 14 in Axes
 13291 | Lair:1   | Reached skill level 10 in Armour
 13848 | Lair:1   | Reached skill level 5 in Shields
 13860 | Lair:1   | Reached skill level 15 in Axes
 14388 | Lair:1   | Noticed Nergalle
 14398 | Lair:1   | Killed Nergalle
 14399 | Lair:1   | Reached XP level 12. HP: 88/110 MP: 12/12
 14803 | Lair:2   | Noticed Sonja
 14809 | Lair:2   | Slain by Sonja

Illustrated notes

Levels and vault maps discovered:
D:1:      giann_forest_graveyard, layout_loops_ring, minmay_misc_feat_alley
D:2:      layout_basic, shapermc_ecumenical_altar_mp_highgroup,
          dk_noncrumbling_3, uniq_sigmund
D:3:      layout_basic, tso_oasis_becter, gup_sewer_entry_bowl,
          hangedman_decor_clover_reticule
D:4:      layout_basic, serial_shops, kennysheep_mini_moat,
          chequers_serial_rivers_room_a, kennysheep_another_room,
          serial_park_tiny_2, kennysheep_generic_room_12
D:5:      layout_cave_pools, mainiacjoe_overflow_divided_tiny,
          dk_yredelemnul_ordeal, serial_column_ruins,
          column_ruins_columns_corner, column_ruins_columns_straight,
          column_ruins_grid_1, column_ruins_open_tiny,
          column_ruins_columns_straight
D:6:      layout_cave_pods, tgw_trog, uniq_pikel
D:7:      layout_cave_pods, old_standard_altar, fiery_altar_vehumet,
          mainiacjoe_overflow_six_doors_small, minmay_temple_entry_ruins,
          uniq_harold, uniq_maggie, uniq_menkaure
D:8:      layout_loops_ring, lemuel_crystal_altar
D:9:      minmay_octagon_keep, layout_long_grid,
          nicolae_qazlal_scattered_showers, bloody_makhleb,
          mainiacjoe_overflow_surrounded_room
D:10:     layout_irregular_city, regret_index_temple_of_mockery,
          lair_entry_dummy
Lair:1:   layout_gridlike, uniq_nergalle
Lair:2:   layout_misc_corridors, minmay_snake_entry_guardpost_small,
          chequers_serial_rivers_marsh, serial_bayou_lagoon_b, uniq_sonja,
          uniq_gastronok

Skill      XL: |  1  2  3  4  5  6  7  8  9 10 11 |
---------------+----------------------------------+-----
Axes           | 4 5 6 8 9 11 13 15 | 15.2
Armour         | 1 2 3 4 6 7 9 10 | 10.6
Fighting       | 4 5 6 7 8 9 11 | 11.2
Dodging        | 1 2 3 4 5 6 8 |  8.0
Shields        | 1 5 |  5.5
Spellcasting   | |  1.0
Fire Magic     | |  2.1

Action                   |  1- 3 |  4- 6 |  7- 9 | 10-12 || total
-------------------------+-------+-------+-------+-------++-------
Melee: Hand axe          |    22 |    35 |       |       ||    57
       Whip              |    45 |    89 |    11 |       ||   145
       Headbutt          |     4 |    26 |    31 |    62 ||   123
       War axe           |       |       |   153 |     1 ||   154
       Morningstar       |       |       |    48 |   311 ||   359
       Punch             |       |       |     3 |       ||     3
       Shortbow          |       |       |     2 |       ||     2
 Fire: Shortbow          |       |       |    28 |     4 ||    32
Invok: Fiery Armour      |     1 |     2 |       |     1 ||     4
       Foxfire Swarm     |     1 |       |     3 |       ||     4
Evoke: Wand              |       |       |       |     6 ||     6
  Use: Scroll            |       |     2 |     8 |     5 ||    15
Armor: Robe              |     8 |       |       |       ||     8
       Scale mail        |    15 |    66 |   102 |       ||   183
       Swamp dragon scal |       |       |     9 |   171 ||   180
Dodge: Dodged            |    33 |    75 |   124 |   213 ||   445
Block: Kite shield       |       |       |       |    76 ||    76
